 Dungeon Crawl Stone Soup version 0.31-a0-978-g1e143483b6 (webtiles) character file.

Game seed: 11354109500187999656

63 LeprechaunX the Changeling (level 4, -4/29 HPs)
             Began as an Octopode Shapeshifter on Oct 30, 2023.
             Slain by Sigmund
             ... wielding a +0 scythe
              (12 damage)
             ... on level 2 of the Dungeon.
             The game lasted 00:01:09 (1116 turns).

LeprechaunX the Changeling (Octopode Shapeshifter)  Turns: 1116, Time: 00:01:10

Health: -4/29      AC:  1    Str: 13    XL:     4   Next: 10%
Magic:  4/4        EV: 13    Int: 12    God:
Gold:   56         SH:  0    Dex: 13    Spells: 3/3 levels left

rFire   . .          .
                       - Unarmed
rCold   . . .        (no shield)
rNeg    . . .        (helmet currently unavailable)
rPois   .            (no amulet)
rElec   .            (no ring)
rCorr   .            (no ring)
SInv    .            (no ring)
Will    .....        (no ring)
Stlth   ++           (no ring)
HPRegen 0.24/turn    (no ring)
MPRegen 0.09/turn    (no ring)
                     (no ring)

%: no passive effects
@: beast-form
A: beast (slay +2), almost no armour, amphibious, 8 rings, camouflage 1,
gelatinous body 1, (nimble swimmer 1), tentacles
a: Begin Untransformation


You were on level 2 of the Dungeon.
You were a hulking beast.
You visited 1 branch of the dungeon, and saw 2 of its levels.

You collected 56 gold pieces.

Inventory:

Hand Weapons
 a - a +0 sling
Jewellery
 g - a ring of wizardry
Talismans
 b - a beast talisman
 c - a flux talisman
Scrolls
 e - a scroll of amnesia {unknown}
 f - a scroll of enchant armour {unknown}
 h - a scroll of blinking {unknown}
 j - a scroll of fear {unknown}
 k - a scroll of teleportation {unknown}
 l - a scroll of vulnerability {unknown}
 n - 2 scrolls of identify {unknown}
 o - a scroll of immolation {unknown}
Potions
 d - a potion of lignification
 i - a potion of haste {unknown}
 m - a potion of ambrosia {unknown}


   Skills:
 + Level 1.9 Fighting
 - Level 2.0 Dodging
 + Level 3.5 Unarmed Combat
 * Level 3.9 Shapeshifting


You had 3 spell levels left.
You didn't know any spells.
Your spell library contained the following spells:

 Spells                   Type           Power      Damage    Failure   Level
 Sandblast                Erth           0%         2d4       32%         1
 Passwall                 Tmut/Erth      0%         N/A       45%         2
 Stone Arrow              Conj/Erth      0%         3d7       69%         3
 Brom's Barrelling Bould  Conj/Erth      0%         2d3       97%         4


Dungeon Overview and Level Annotations

Branches:
Dungeon (2/15)

Altars:

Annotations:
D:2 Sigmund


Innate Abilities, Weirdness & Mutations

You are a hulking beast.
Your limbs bulge with bestial killing power. (Slay +2)
You cannot wear most types of armour.
You are amphibious.
You can wear up to eight rings at the same time.
Your skin changes colour to match your surroundings (Stealth+).
Your rubbery body absorbs attacks. (AC +1, EV +1)
((You are camouflaged when in or above water. (Stealth+)))
You have tentacles for arms and can constrict up to eight enemies at once.


Message History

No target in view!
No target in view!
No target in view!
No target in view!
No target in view!
No target in view!
No target in view!
No target in view!
Sigmund and an adder come into view.
There are monsters nearby!
There are monsters nearby!
There are monsters nearby!
Sigmund shouts!
The adder hisses angrily.
You barely miss the adder. Your grab misses the adder. The adder misses you.
You closely miss the adder. Your grab misses the adder.
The adder bites you but does no damage. The adder bites you.
You are poisoned.
The adder poisons you!
You feel sick. The adder attacks as it pursues you!
The adder closely misses you.
You tentacle-slap the adder. You grab the adder.
The adder is heavily wounded.
You constrict the adder.
You feel sick. The adder misses you.
You completely miss the adder.
The adder is heavily wounded.
You constrict the adder.
You feel sick. The adder bites you but does no damage.
Sigmund casts a spell.
Sigmund flickers and vanishes!
Deactivating autopickup; reactivate with Ctrl-A.
Unknown command.
You release your grip on the adder.
You feel sick. The adder attacks as it pursues you! The adder bites you.
Something hits you!
* * * LOW HITPOINT WARNING * * *
You tentacle-slap the adder.
You kill the adder!
You feel sick.
You are no longer poisoned.
You have reached level 4!
Something hits you!
You die...

................# #...
..............#.## #...
.............#..###
#...
#...........##...######
#...........####.......
#...........# ##......
#...........# ###......
#...........# #........
######.....h.....#
#........
.........†.......#
#....)...
........##########
#....####
.............# #....#
####...@.S...# #....#
#.....@...# #....#
#.........# #....#
########### #....#
#....#


There were no monsters in sight!

Vanquished Creatures
  4 adders (D:2)
  2 ball pythons
  A bat (D:2)
  2 endoplasms (D:1)
  2 giant cockroaches (D:1)
  2 goblins
  A hobgoblin (D:1)
  2 jackals (D:2)
  4 kobolds
  2 quokkas
  A frilled lizard (D:2)
  4 rats
27 creatures vanquished.

Notes
Turn   | Place    | Note
-------+----------+-------------------------------------------
     0 | D:1      | LeprechaunX the Octopode Shapeshifter began the quest for
                  | the Orb.
     0 | D:1      | Reached XP level 1. HP: 13/13 MP: 1/1
   244 | D:1      | Reached XP level 2. HP: 13/18 MP: 2/2
   789 | D:2      | Reached XP level 3. HP: 11/23 MP: 3/3
   993 | D:2      | Found a faded altar of an unknown god.
  1105 | D:2      | Noticed Sigmund
  1116 | D:2      | Reached XP level 4. HP: 7/29 MP: 4/4
  1116 | D:2      | Slain by Sigmund

Illustrated notes

Levels and vault maps discovered:
D:1:      minmay_arrival_up_and_down, layout_basic
D:2:      layout_basic, ebering_ecumenical_altar_abandoned, serial_shops,
          nicolae_shop_tiny_real_fake_doors, uniq_sigmund

Action                     |  1- 3 |  4- 6 || total
---------------------------+-------+-------++-------
  Melee: Unarmed           |    53 |       ||    53
         Tentacles         |     8 |       ||     8
         Constrict         |    11 |       ||    11
         Punch             |     1 |       ||     1
   Stab: Sleeping          |     4 |       ||     4
 Armour: Skin              |    20 |     1 ||    21
  Dodge: Dodged            |    29 |       ||    29

Table legend: (Time is in decaauts)
 A = Elapsed time spent in this place.
 B = Non-inter-level travel time spent in this place.
 C = Inter-level travel time spent in this place.
 D = Time resting spent in this place.
 E = Time spent auto-exploring this place.
 F = Levels seen in this place.
 G = Mean time per level.
                   A        B        C        D        E       F      G
               +--------+--------+--------+--------+--------+-----+--------+
         Total |   1112 |   1110 |      2 |      0 |    929 |   2 |  556.0 |
       Dungeon |   1112 |   1110 |      2 |      0 |    929 |   2 |  556.0 |
               +--------+--------+--------+--------+--------+-----+--------+

Top non-repeatable levels by time:
     D:1: 729 daAuts
     D:2: 382 daAuts
